Map: Kairos Junction LE

Players

pHARM - Winner!

  • Race: Zerg Zerg
  • League: Platinum
  • Spawn Location: 5:00

SuedePritch

  • Race: Zerg Zerg
  • League: Platinum
  • Spawn Location: 11:00

VOD

Have the link to the VOD?

Description

Time

  • Played on: Aug. 8, 2019, 1:16 a.m.
  • Length: 15:21
Show
View Real Time Build Order
Export as new Build Order

pHARM Zerg - Winner!

Build Orders: Hatch First 

Get SALT Encoding   

  12  0:02  Drone  
  13  0:11  Drone  
  14  0:20  Overlord  
  14  0:29  Drone, Extractor  
  15  0:39  Drone x2  
  17  0:51  Drone  
  18  1:01  Hatchery  
  17  1:10  Drone  
  18  1:26  Spawning Pool  
  18  1:28  Drone x2  
  18  1:32  Drone  
  20  1:44  Drone  
  21  1:50  Overlord  
  21  1:54  Extractor  
  20  2:02  Drone  
  21  2:17  Queen x2  
  21  2:21  Drone x2  
  27  2:29  Drone x2  
  29  2:42  Drone x2  
  31  2:48  Overlord  
  31  2:56  Lair  
  31  2:59  Queen  
  31  3:00  Overlord  
  31  3:01  Drone  
  31  3:02  Drone  
  35  3:08  Evolution Chamber  
  34  3:15  Drone x2  
  34  3:17  Roach Warren  
  34  3:19  Drone x2  
  37  3:28  Drone x3  
  40  3:40  Evolution Chamber  
  39  3:45  Drone x5  
  39  3:48  Zerg Missile Weapons Level 1, Extractor  
  43  3:49  Extractor  
  43  3:55  Drone  
  43  4:07  Glial Reconstitution  
  43  4:15  Drone x4  
  43  4:16  Drone  
  48  4:22  Overlord x2  
  48  4:31  Roach x2  
  52  4:34  Overlord x2  
  52  4:54  Roach  
  52  4:55  Hatchery, Roach x5  
  63  5:14  Roach x7  
  77  5:29  Roach x3  
  77  5:32  Overlord x2  
  83  5:43  Drone  
  83  5:44  Overlord x2  
  84  5:56  Zerg Missile Weapons Level 2  
  84  5:57  Zerg Ground Armor Level 1  
  84  6:01  Drone  
  84  6:02  Infestation Pit  
  84  6:08  Drone  
  84  6:09  Drone x9  
  94  6:26  Drone x4  
  98  6:35  Drone  
  98  6:37  Hydralisk Den  
  95  6:47  Roach  
  95  6:48  Roach x8  
  111  7:01  Roach  
  111  7:02  Roach x3  
  115  7:15  Drone x7  
  112  7:55  Overlord, Roach x5, Extractor x2  
  112  7:56  Overlord x2  
  120  8:02  Zerg Ground Armor Level 2  
  120  8:10  Infestation Pit  
  120  8:11  Overseer  
  119  8:43  Hydralisk Den  
  119  8:45  Extractor  
  119  8:47  Hive  
  117  8:50  Roach  
  117  8:51  Roach x4  
  117  8:52  Overlord x4  
  127  9:15  Spine Crawler  
  126  9:19  Grooved Spines  
  126  9:32  Drone  
  126  9:33  Drone x2  
  129  10:09  Spire  
  129  10:12  Roach x9  
  129  10:13  Roach x12  
  170  10:18  Zerg Missile Weapons Level 3  
  170  10:25  Queen  
  172  10:30  Muscular Augments  
  172  10:31  Drone  
  172  10:32  Drone x5  
  178  10:38  Overlord x4  
  178  10:59  Hydralisk  
  178  11:00  Hydralisk x9  
  198  11:18  Hydralisk  
  200  11:25  Hatchery  
  168  11:57  Roach x5  
  168  11:58  Roach x11  
  154  12:13  Roach x5  
  164  12:23  Roach x5  
  164  12:28  Zerg Ground Armor Level 3  
  174  12:36  Hydralisk x5  
  184  12:40  Greater Spire  
  184  12:51  Extractor  
  169  12:58  Roach x5  
  169  12:59  Roach x6  
  169  13:04  Extractor  
  172  13:16  Roach x2  
  172  13:17  Roach x8  
  172  13:38  Roach x11  
  172  13:39  Roach x3  
  158  13:42  Roach  
  158  13:43  Roach x2  
  132  13:48  Roach  
  132  13:49  Roach x2  
  136  13:56  Corruptor  
  138  14:06  Overlord x8  
  138  14:07  Overlord  
  136  14:15  Overlord x5  
  120  14:33  Roach  
  120  14:34  Roach x13  
  144  14:44  Hydralisk x6  
Show
View Real Time Build Order
Export as new Build Order

SuedePritch Zerg 

Build Orders: Hatch First 

Get SALT Encoding   

  12  0:01  Drone  
  13  0:13  Overlord  
  13  0:16  Drone  
  14  0:33  Drone x2  
  14  0:35  Drone  
  17  0:54  Hatchery  
  16  0:57  Drone  
  17  1:11  Spawning Pool  
  17  1:15  Drone  
  17  1:17  Drone  
  18  1:22  Drone  
  19  1:32  Drone  
  20  1:37  Extractor  
  19  1:42  Overlord  
  19  1:58  Queen  
  21  2:06  Queen  
  23  2:12  Drone x2  
  25  2:17  Spine Crawler  
  24  2:26  Overlord  
  24  2:29  Spine Crawler  
  23  2:34  Drone x2  
  23  2:35  Drone x2  
  27  2:52  Drone  
  27  2:53  Drone x2  
  30  2:59  Evolution Chamber  
  30  3:04  Roach Warren  
  28  3:07  Evolution Chamber, Drone  
  28  3:20  Overlord, Drone  
  28  3:21  Drone x2  
  28  3:23  Drone  
  28  3:25  Drone  
  33  3:39  Drone x4  
  37  3:41  Extractor  
  37  3:43  Extractor  
  35  3:50  Lair  
  35  3:53  Drone x3  
  38  4:10  Drone x5  
  43  4:22  Drone  
  43  4:23  Drone  
  45  4:26  Overlord  
  45  4:28  Overlord  
  45  4:30  Drone x2  
  47  4:34  Zerg Missile Weapons Level 1  
  47  4:35  Zerg Ground Armor Level 1  
  47  4:49  Glial Reconstitution  
  47  4:51  Roach  
  47  4:52  Roach x3  
  55  5:01  Overlord  
  55  5:15  Roach x6  
  67  5:23  Roach x3  
  67  5:26  Nydus Network  
  72  5:38  Roach x2  
  72  5:39  Overlord  
  76  6:09  Hatchery  
  75  6:12  Roach  
  75  6:13  Roach x3  
  83  6:21  Nydus Canal  
  83  6:26  Overlord x2  
  85  7:01  Roach x2  
  85  7:02  Roach x5  
  93  7:14  Roach Warren  
  92  7:18  Roach  
  92  7:19  Roach  
  90  7:45  Zerg Ground Armor Level 2  
  90  7:46  Zerg Missile Weapons Level 2  
  90  7:49  Hatchery  
  89  7:54  Roach x6  
  89  7:56  Queen x2  
  105  8:12  Overlord x2, Drone  
  106  8:13  Overlord x2  
  106  8:19  Extractor  
  105  8:30  Ravager  
  105  8:31  Ravager x2  
  105  8:33  Ravager x2  
  110  8:34  Ravager  
  110  8:37  Roach x5  
  110  8:38  Roach  
  123  8:59  Spire  
  122  9:25  Drone x11  
  122  9:26  Drone x7  
  140  9:54  Extractor  
  140  9:55  Roach, Extractor  
  140  9:56  Overlord x4, Roach x2  
  140  9:57  Overlord x3  
  144  10:01  Spore Crawler  
  144  10:04  Spore Crawler  
  142  10:13  Spore Crawler  
  141  10:19  Spore Crawler  
  140  10:29  Drone x4  
  140  10:30  Drone x2  
  140  10:31  Roach x5  
  140  10:32  Roach x7  
  170  10:42  Zerg Flyer Weapons Level 1  
  170  10:46  Roach x2  
  170  10:47  Roach x11  
  196  10:59  Roach x2  
  200  11:07  Overseer x2  
  170  11:59  Roach x8  
  170  12:00  Roach x9  
  167  12:24  Corruptor  
  167  12:25  Corruptor x9  
  187  12:32  Infestation Pit  
  186  12:41  Ravager  
  186  12:42  Ravager  
  186  12:43  Ravager  
  186  12:44  Ravager x2  
  190  12:45  Ravager  
  170  13:22  Roach x9  
  170  13:23  Roach x2  
  118  13:51  Roach x8  
  118  13:52  Roach x6  
  118  13:55  Roach  
  127  14:03  Drone x3  
  120  14:10  Roach  
  120  14:11  Roach x3  
  114  14:31  Roach x8  
  72  14:49  Roach  
  72  14:50  Roach x5  
Tags
 
Add a new tag
Caveats
  • Supply blocks, unpowered buildings, or Contaminate may cause inaccurate times.
  • Supply counts are checked every 10 seconds.